 Dungeon Crawl Stone Soup version 0.30-a0-989-g0d87f670db (webtiles) character file.

Game seed: 2099772575450020416

7540 IndexError the Frost Mage (level 11, -2/62 HPs)
             Began as a Gargoyle Ice Elementalist on Apr 1, 2023.
             Was a Priest of Ashenzari.
             Killed from afar by a gargoyle (15 damage)
             ... with a stone arrow
             ... on level 10 of the Dungeon on Apr 4, 2023.
             The game lasted 00:35:01 (11302 turns).

IndexError the Frost Mage (GrIE)                   Turns: 11302, Time: 00:35:01

Health: -2/62      AC: 15    Str: 12    XL:     11   Next: 16%
Magic:  21/21      EV: 16    Int: 20    God:    Ashenzari [***...]
Gold:   314        SH:  0    Dex: 10    Spells: 9/24 levels left

rFire   + . .      SeeInvis +    B - +6 shortbow of Ashenzari's Nihilism {elec, Range, Alch} (curse)
rCold   + . .      Faith    .    (shield currently unavailable)
rNeg    + + +      Spirit   .    A - +0 leather armour {rC+}
rPois   ∞          Reflect  .    (no helmet)
rElec   +          Rampage  .    i - +0 cloak of the Sublime Gloom {Evo, Bglg} (curse)
rCorr   .          Clarity  +    (no gloves)
Will    .....                    d - +2 pair of boots of Ashenzari's Jealousy {Bglg, Evo} (curse)
Stlth   +++                      (no amulet)
HPRegen 0.30/turn                n - ring "Prescient Trepidation" {rF+ rN++ Stlth+, Comp, Elem} (curse)
MPRegen 0.17/turn                a - +5 ring of evasion

@: no status effects
A: sickness immunity, AC +8, negative energy resistance 1, electricity
resistance, torment resistance 1, petrification resistance
a: Renounce Religion, Curse Item, Shatter the Chains


You were on level 10 of the Dungeon.
You worshipped Ashenzari.
Ashenzari was most pleased with you.
You visited 2 branches of the dungeon, and saw 11 of its levels.

You collected 669 gold pieces.
You spent 355 gold pieces at shops.

Inventory:

Hand Weapons
 B - the cursed +6 shortbow of Ashenzari's Nihilism (weapon) {elec, Range, Alch}
   (You took it off a centaur on level 7 of the Dungeon)

   It has a curse which improves the following skills: Ranged Combat: Ranged
   Weapons and Throwing.
   Alchemy:   Poison Magic and Transmutations.
Missiles
 k - a throwing net {=f, !d}
 q - 6 atropa-tipped darts
 y - 5 curare-tipped darts
 D - 5 javelins
Armour
 d - the cursed +2 pair of boots of Ashenzari's Jealousy (worn) {Bglg, Evo}
   (You found it on level 1 of the Dungeon)

   It has a curse which improves the following skills: Beguiling: Conjurations,
   Hexes and Translocations.
   Evocations: Evocations.
 i - the cursed +0 cloak of the Sublime Gloom (worn) {Evo, Bglg}
   (You found it on level 5 of the Dungeon)

   It has a curse which improves the following skills: Evocations: Evocations.
   Beguiling: Conjurations, Hexes and Translocations.
 A - a +0 leather armour of cold resistance (worn)
   (You took it off an orc on level 3 of the Dungeon)
 M - a +2 cloak of poison resistance
   (You bought it in a shop on level 9 of the Dungeon)
Magical Staves
 b - a staff of conjuration {!a}
   (You found it on level 3 of the Dungeon)
 x - a staff of death {rN+}
   (You found it on level 4 of the Dungeon)
Jewellery
 a - a +5 ring of evasion (right hand)
   (You found it on level 9 of the Dungeon)
 e - a ring of ice {rC+, rF-}
   (You found it on level 8 of the Dungeon)
 n - the cursed ring "Prescient Trepidation" (left hand) {rF+ rN++ Stlth+, Comp, Elem}
   (You found it on level 2 of the Dungeon)

   [ring of protection from fire]

   rF:        It protects you from fire.
   rN:        It greatly protects you from negative energy.
   Stlth:     It makes you more stealthy.
   It has a curse which improves the following skills: Companions: Summonings
   and Necromancy.
   Elements:  Fire Magic, Ice Magic, Air Magic and Earth Magic.
Wands
 m - a wand of light (28)
   (You found it on level 2 of the Dungeon)
 H - a wand of mindburst (19)
   (You found it on level 7 of the Dungeon)
 J - a wand of charming (12)
   (You found it on level 8 of the Dungeon)
Scrolls
 g - 8 scrolls of teleportation
 j - a scroll of immolation {!r}
 p - a scroll of identify
 r - a scroll of enchant armour
 t - a scroll of vulnerability {!r!r}
 u - 2 scrolls of fog
 F - a scroll of fear
 G - 2 scrolls of magic mapping {!r}
 I - a scroll of acquirement
 K - a scroll of poison
Potions
 c - a potion of mutation {!q}
 f - a potion of resistance
 h - 5 potions of brilliance
 l - 2 potions of lignification {!q}
 o - a potion of heal wounds
 s - 2 potions of magic
 v - a potion of attraction {!q}
 w - a potion of cancellation
 z - 8 potions of curing
 C - a potion of haste
 E - 2 potions of berserk rage {!q}
 L - a potion of flight


   Skills:
 + Level 4.9 Fighting
 + Level 6.6(8.2) Ranged Weapons
 - Level 3.6(5.0) Throwing
 - Level 1.5 Dodging
 - Level 2.1 Stealth
 - Level 7.0 Spellcasting
 - Level 4.8(7.0) Conjurations
 - Level 5.7(7.2) Summonings
 - Level 5.0(6.4) Transmutations
 - Level 8.0(9.5) Ice Magic


You had 9 spell levels left.
You knew the following spells:

 Your Spells              Type           Power      Damage    Failure   Level
a - Freeze                Ice            100%       1d10      1%          1
b - Frozen Ramparts       Ice            90%        1d14      1%          3
c - Ice Form              Ice/Tmut       39%        N/A       4%          4
d - Summon Ice Beast      Ice/Summ       40%        N/A       3%          4
A - Ozocubu's Armour      Ice            45%        N/A       1%          3

Your spell library contained the following spells:

 Spells                   Type           Power      Damage    Failure   Level
 Hailstorm                Conj/Ice       40%        3d10      1%          3
 Shock                    Conj/Air       84%        1d8       2%          1
 Stone Arrow              Conj/Erth      42%        3d9       9%          3
 Necrotise                Necr           28%        1d5       11%         1
 Blade Hands              Tmut           16%        N/A       24%         5
 Animate Armour           Summ/Erth      42%        N/A       26%         4
 Portal Projectile        Hex/Tloc       16%        N/A       32%         3
 Swiftness                Air            7%         N/A       32%         3
 Tukima's Dance           Hex            8%         N/A       32%         3
 Vampiric Draining        Necr           7%         2d6       32%         3
 Metabolic Englaciation   Hex/Ice        13%        N/A       41%         5
 Airstrike                Air            3%         2d(1-17)  73%         4
 Simulacrum               Ice/Necr       13%        N/A       94%         6
 Agony                    Necr           7%         N/A       97%         5
 Haunt                    Necr/Summ      10%        N/A       100%        7
 Lehudib's Crystal Spear  Conj/Erth      10%        10d4      100%        8
 Shatter                  Erth           3%         3d7*      100%        9


Dungeon Overview and Level Annotations

Branches:
Dungeon (10/15)            Temple (1/1) D:6             Orc (0/2) D:10
   Lair: D:8-11

Altars:
Ashenzari
Cheibriados
Dithmenos
Elyvilon
Fedhas
Hepliaklqana
Uskayaw
Wu Jian

Shops:
D:9 *[(?

Annotations:
D:4 1 runed translucent door, paps's ghost, amateur OpSu


Innate Abilities, Weirdness & Mutations

You are immune to sickness and miasma.
Your stone body is resilient. (AC +8)
You are immune to poison.
You resist negative energy. (rN+)
You are resistant to electric shocks. (rElec)
You are resistant to unholy torment.
You are immune to petrification.


Message History

z - 6 potions of curing (gained 1)
You now have 219 gold pieces (gained 11).
You now have 235 gold pieces (gained 16).
You now have 257 gold pieces (gained 22).
Found a +3 giant spiked club.
Health restored: 62 A wyvern comes into view.
You shoot an arrow.
The arrow hits the wyvern but does no damage.
The wyvern hisses angrily.
You shoot an arrow.
The arrow hits the wyvern but does no damage.
You shoot an arrow. The arrow completely misses the wyvern.
You shoot an arrow. The arrow hits the wyvern.
Lightning courses through the wyvern!!
The wyvern hisses menacingly.
You shoot an arrow. The arrow hits the wyvern.
Lightning courses through the wyvern!
Training target 7.0 for Conjurations reached!
No target in view!
You now have 263 gold pieces (gained 6).
An orc zombie comes into view.
An orc zombie is nearby!
You shoot an arrow. The arrow hits the orc zombie!
No target in view!
No target in view!
There is a staircase to the Orcish Mines here.
You now have 276 gold pieces (gained 13).
Found a stone staircase leading down.
No target in view!
No target in view!
No target in view!
You now have 288 gold pieces (gained 12).
m - a wand of light (28) (gained 5 charges)
z - 8 potions of curing (gained 2)
You now have 296 gold pieces (gained 8).
Found a stone staircase leading down.
Found a shadowy altar of Dithmenos.
You now have 314 gold pieces (gained 18).
A gargoyle comes into view. It is wielding a +0 mace.
A gargoyle is nearby!
You shoot an arrow.
The arrow hits the gargoyle but does no damage.
You shoot an arrow. The arrow hits the gargoyle.
You shoot an arrow. The arrow hits the gargoyle.
The gargoyle hurls a stone arrow at you.
The stone arrow hits you!!
You take 21 damage, and have 41/62 hp.
MASSIVE DAMAGE!!
You shoot an arrow.
The arrow hits the gargoyle but does no damage.
You shoot an arrow.
The arrow hits the gargoyle but does no damage.
The gargoyle hurls a stone arrow at you.
The stone arrow hits you.
You take 3 damage, and have 39/62 hp.
You shoot an arrow.
The arrow hits the gargoyle but does no damage.
The gargoyle hurls a stone arrow at you.
The stone arrow hits you!
You take 12 damage, and have 27/62 hp.
You are too injured to fight recklessly!
You are too injured to fight recklessly!
You are too injured to fight recklessly!
Fire: B) +6 shortbow of Ashenzari's Nihilism {elec, Range, Alch} (curse)
Press: ? - help, Q - select action, (/) - cycle Shift-Dir - straight line, f/p - gargoyle
Aim: a gargoyle, wielding a +0 mace (moderately damaged, 80% to hit)
You shoot an arrow.
The arrow hits the gargoyle but does no damage.
Fire: B) +6 shortbow of Ashenzari's Nihilism {elec, Range, Alch} (curse)
Press: ? - help, Q - select action, (/) - cycle Shift-Dir - straight line, f/p - gargoyle
Aim: a gargoyle, wielding a +0 mace (moderately damaged, 80% to hit)
You shoot an arrow. The arrow barely misses the gargoyle.
Fire: B) +6 shortbow of Ashenzari's Nihilism {elec, Range, Alch} (curse)
Press: ? - help, Q - select action, (/) - cycle Shift-Dir - straight line, f/p - gargoyle
Aim: a gargoyle, wielding a +0 mace (moderately damaged, 80% to hit)
You shoot an arrow. The arrow hits the gargoyle.
The gargoyle hits you but does no damage.
Fire: B) +6 shortbow of Ashenzari's Nihilism {elec, Range, Alch} (curse)
Press: ? - help, Q - select action, (/) - cycle Shift-Dir - straight line, f/p - gargoyle
Aim: a gargoyle, wielding a +0 mace (heavily damaged, 80% to hit)
You shoot an arrow.
The arrow hits the gargoyle but does no damage.
The gargoyle misses you.
Fire: B) +6 shortbow of Ashenzari's Nihilism {elec, Range, Alch} (curse)
Press: ? - help, Q - select action, (/) - cycle Shift-Dir - straight line, f/p - gargoyle
Aim: a gargoyle, wielding a +0 mace (heavily damaged, 80% to hit)
You shoot an arrow.
The arrow hits the gargoyle but does no damage.
The gargoyle barely misses you.
Fire: B) +6 shortbow of Ashenzari's Nihilism {elec, Range, Alch} (curse)
Press: ? - help, Q - select action, (/) - cycle Shift-Dir - straight line, f/p - gargoyle
Aim: a gargoyle, wielding a +0 mace (heavily damaged, 80% to hit)
You shoot an arrow.
The arrow hits the gargoyle but does no damage.
The gargoyle hurls a stone arrow at you.
The stone arrow hits you!
* * * LOW HITPOINT WARNING * * *
The gargoyle hurls a stone arrow at you.
The stone arrow hits you!
You die...

* * , * * #...# ,, ## *
#...###* * .. ####..... *
.. , , ....... .. , .....
,, * .. , , , ,, ...# ,,
##*** * * * #9.# * , *
#@.# ################..# ,
..................#######.
..........................
*
..........................
.................^......).
..................#######.
* ...................§#
.................._§#
....>...


You could see a gargoyle.

Vanquished Creatures
  A two-headed ogre (D:6)
  An ugly thing (D:10)
  An ice statue (D:10)
  Maggie (D:6)
  A hornet (D:9)
  2 wraiths (D:9)
  A shadow (D:9)
  A wyvern (D:10)
  Duvessa (D:5)
  An acid dragon (D:10)
  2 water moccasins
  A sky beast (D:4)
  3 ice beasts
  2 orc warriors
  A black bear (D:6)
  2 ogres
  4 centaurs
  4 phantoms
  4 kobold brigands
  Blork the orc (D:4)
  A bullfrog (D:8)
  5 wights (D:7)
  5 scorpions
  A gnoll sergeant (D:10)
  Dowan (D:5)
  18 killer bees
  2 troll zombies (D:10)
  A spectral centaur (D:9)
  A jelly (D:6)
  A hound (D:6)
  5 orc priests
  2 sleepcaps
  2 iguanas
  7 orc wizards
  4 ogre zombies (D:10)
  A centaur simulacrum (D:9)
  7 gnolls
  8 adders
  3 shadow imps
  3 white imps
  A howler monkey simulacrum (D:9)
  An ufetubus (D:5)
  4 worms (D:2)
  4 dart slugs
  18 orcs
  4 endoplasms
  4 giant cockroaches
  8 hobgoblins
  A quokka (D:2)
  6 ball pythons
  5 bats
  6 frilled lizards
  6 goblins
  A goblin skeleton (D:10)
  4 goblin zombies (D:10)
  A hobgoblin skeleton (D:10)
  27 kobolds
  5 orc skeletons (D:10)
  7 orc zombies (D:10)
  7 rats
233 creatures vanquished.

Vanquished Creatures (collateral kills)
  A skeletal warrior (D:9)
1 creature vanquished.

Vanquished Creatures (others)
  4 plants (D:4)
  10 withered plants (D:9)
14 creatures vanquished.

Grand Total: 248 creatures vanquished

Notes
Turn   | Place    | Note
-------+----------+-------------------------------------------
     0 | D:1      | IndexError the Gargoyle Ice Elementalist began the quest
                  | for the Orb.
     0 | D:1      | Reached XP level 1. HP: 10/10 MP: 3/3
   106 | D:1      | HP: 2/10 [rat (2)]
   174 | D:1      | Upgraded the game from 0.30-a0-983-g7e3032bf44 to
                  | 0.30-a0-989-g0d87f670db
   327 | D:1      | Reached XP level 2. HP: 15/15 MP: 5/5
  1034 | D:2      | Reached XP level 3. HP: 17/19 MP: 2/6
  1095 | D:2      | Learned a level 3 spell: Frozen Ramparts
  1099 | D:2      | Learned a level 3 spell: Ozocubu's Armour
  1545 | D:2      | Identified the ring of Feytsaxa {rF+ rN++ Stlth+}
  1903 | D:2      | Found a faded altar of an unknown god.
  2172 | D:3      | Found a broken altar of Ashenzari.
  2293 | D:3      | Reached skill level 3 in Spellcasting
  2295 | D:3      | Reached XP level 4. HP: 22/24 MP: 1/8
  2297 | D:3      | Reached skill level 5 in Ice Magic
  2417 | D:3      | Reached XP level 5. HP: 26/28 MP: 7/10
  2605 | D:3      | Got the Atlas of Dark Metal
  2981 | D:4      | Found a hazy altar of Hepliaklqana.
  3041 | D:4      | Reached skill level 4 in Spellcasting
  3082 | D:4      | Noticed a sky beast
  3094 | D:4      | Killed a sky beast
  3095 | D:4      | Reached skill level 6 in Ice Magic
  3095 | D:4      | Reached XP level 6. HP: 31/32 MP: 5/12
  3146 | D:4      | Found a runed translucent door.
  3183 | D:3      | Became a worshipper of Ashenzari the Shackled
  3352 | D:4      | Reached skill level 5 in Spellcasting
  3352 | D:4      | Reached XP level 7. HP: 31/36 MP: 14/14
  3670 | D:4      | Noticed Blork the orc
  3689 | D:4      | Killed Blork the orc
  3764 | D:4      | Reached skill level 7 in Ice Magic
  4276 | D:4      | Noticed paps's ghost (amateur OpSu)
  4290 | D:5      | Entered Level 5 of the Dungeon
  4723 | D:5      | Noticed a wraith
  4869 | D:5      | Noticed Duvessa
  4869 | D:5      | Noticed Dowan
  4894 | D:5      | Killed Dowan
  4909 | D:5      | HP: 9/36 [Duvessa/+0 rapier (6)]
  4910 | D:5      | HP: 3/36 [Duvessa/+0 rapier (6)]
  4913 | D:5      | HP: 1/36 [Duvessa/+0 rapier (2)]
  5069 | D:5      | Killed Duvessa
  5070 | D:5      | Reached skill level 6 in Spellcasting
  5070 | D:5      | Reached XP level 8. HP: 37/41 MP: 12/17
  6176 | D:6      | Reached skill level 8 in Ice Magic
  6212 | D:6      | Found a white marble altar of Elyvilon.
  6229 | D:6      | Reached skill level 1 in Throwing
  6480 | D:6      | Reached skill level 2 in Throwing
  6561 | D:6      | Reached skill level 3 in Throwing
  6561 | D:6      | Reached skill level 7 in Spellcasting
  6697 | D:6      | Learned a level 4 spell: Ice Form
  6702 | D:6      | Learned a level 4 spell: Summon Ice Beast
  6828 | D:6      | Noticed Maggie
  6846 | D:6      | Killed Maggie
  6847 | D:6      | Reached skill level 1 in Summonings
  6847 | D:6      | Reached skill level 2 in Transmutations
  6847 | D:6      | Reached XP level 9. HP: 27/45 MP: 11/19
  7092 | D:6      | Found a staircase to the Ecumenical Temple.
  7104 | Temple   | Entered the Ecumenical Temple
  7177 | D:7      | Reached skill level 2 in Summonings
  7239 | D:7      | Identified the +2 robe of Miracles {Harm Will+ MP+9 Dex+3}
  7303 | D:7      | Reached skill level 3 in Transmutations
  7369 | D:7      | Noticed a two-headed ogre
  7381 | D:6      | HP: 11/45 [two-headed ogre/+0 giant club (5)]
  7384 | D:6      | HP: 1/45 [two-headed ogre/+0 giant club (11)]
  7385 | D:6      | Killed a two-headed ogre
  7386 | D:6      | Reached skill level 3 in Summonings
  7386 | D:6      | Reached skill level 4 in Transmutations
  7561 | D:7      | Found a blossoming altar of Fedhas.
  7568 | D:7      | HP: 7/45 [centaur/arrow (6)]
  7602 | D:7      | Reached skill level 5 in Transmutations
  7717 | D:7      | Reached skill level 4 in Summonings
  7816 | D:7      | Reached * piety under Ashenzari
  8064 | D:7      | Reached skill level 1 in Ranged Weapons
  8151 | D:7      | Reached skill level 2 in Ranged Weapons
  8151 | D:7      | Reached XP level 10. HP: 50/50 MP: 14/20
  8406 | D:8      | Identified the +7 chain mail "Boutighy" {rPois Dex+5}
  8410 | D:8      | Reached skill level 3 in Ranged Weapons
  8410 | D:8      | Reached skill level 5 in Summonings
  8423 | D:8      | Reached skill level 4 in Ranged Weapons
  8733 | D:8      | Found a snail-covered altar of Cheibriados.
  8839 | D:8      | Found a hide-covered altar of Uskayaw.
  8861 | D:8      | Reached ** piety under Ashenzari
  9345 | D:9      | HP: 8/50 [orc priest/divine providence (14)]
  9544 | D:9      | Found Gaeletip's General Store.
  9570 | D:9      | Found Hajepna's Antique Armour Emporium.
  9571 | D:9      | Reached *** piety under Ashenzari
  9580 | D:9      | Bought a bloodstained robe for 153 gold pieces
  9580 | D:9      | Identified the +1 robe of Hangman {Will- Int+5} (You bought
                  | it in a shop on level 9 of the Dungeon)
  9580 | D:9      | Bought an embroidered cloak for 202 gold pieces
  9662 | D:9      | Reached skill level 1 in Fighting
  9662 | D:9      | Reached skill level 5 in Ranged Weapons
  9662 | D:9      | Reached skill level 1 in Conjurations
  9738 | D:9      | Noticed a skeletal warrior
  9850 | D:9      | Identified the +5 dagger "Wojor" {pain, Fragile rF+ Int+2}
  9935 | D:9      | Reached skill level 2 in Fighting
  9935 | D:9      | Reached skill level 2 in Conjurations
  9949 | D:9      | Found Ycanel's Magic Scroll Shop.
  9978 | D:9      | Found Hour's Weapon Emporium.
 10313 | D:10     | Entered Level 10 of the Dungeon
 10395 | D:9      | Killed a skeletal warrior
 10396 | D:9      | Reached skill level 3 in Fighting
 10396 | D:9      | Reached skill level 3 in Conjurations
 10482 | D:10     | Noticed a purple ugly thing
 10517 | D:10     | Identified a scroll of acquirement
 10612 | D:10     | Found a staircase to the Orcish Mines.
 10624 | D:10     | Reached skill level 6 in Ranged Weapons
 10694 | D:10     | Reached skill level 4 in Fighting
 10694 | D:10     | Reached skill level 4 in Conjurations
 10694 | D:10     | Reached XP level 11. HP: 23/61 MP: 21/21
 10948 | D:10     | Killed a purple ugly thing
 11274 | D:10     | Found a shadowy altar of Dithmenos.
 11302 | D:10     | HP: 13/62 [gargoyle/stone arrow (16)]
 11302 | D:10     | Killed from afar by a gargoyle

Illustrated notes

Levels and vault maps discovered:
D:1:      evilmike_arrival_fibonacci_small, layout_loops_cross,
          reono_crystal_passage, corexii_corridor_pit
D:2:      layout_basic, hellmonk_ecumenical_altar_zigzags, minivault_24
D:3:      layout_loops_ring, mainiacjoe_overflow_small_starburst,
          minmay_quantized
D:4:      layout_cave_pods, nicolae_hepliaklqana_hazy_memory,
          ebering_ghost_inner_flame, uniq_blork_the_orc
D:5:      layout_loops_corners, lightli_corner_chamber, uniq_duvessa
D:6:      layout_basic, overflow_temple_1_default, minmay_temple_entry_poolview,
          st_stairs_11, uniq_maggie
D:7:      layout_gridville, lemuel_crystal_altar
D:8:      layout_loops_ring, mainiacjoe_overflow_concentric_impassable,
          mainiacjoe_overflow_tiny_flanked
D:9:      layout_loops_ring, serial_shops, nicolae_shop_waterfront,
          nicolae_diamond_shop, shop, shop, dilly_guarded_unrand_morg
D:10:     layout_small_grid, grunt_dithmenos_smoke, zombieorc1_lemuel,
          minmay_crystal_water, minivault_16, uniq_joseph
Temple:   regret_index_temple_waves

Skill      XL: |  1  2  3  4  5  6  7  8  9 10 |
---------------+-------------------------------+-----
Spellcasting   | 3 4 5 6 7 |  7.0
Ice Magic      | 5 6 7 8 |  8.0
Throwing       | 3 |  3.6
Summonings     | 1 4 5 |  5.7
Transmutations | 2 5 |  5.0
Ranged Weapons | 2 6 |  6.6
Fighting       | 4 |  4.9
Conjurations   | 4 |  4.8
Dodging        | |  1.5
Stealth        | |  2.1

Action                     |  1- 3 |  4- 6 |  7- 9 | 10-12 || total
---------------------------+-------+-------+-------+-------++-------
  Melee: Unarmed           |     8 |       |       |       ||     8
         Short sword       |    44 |   104 |   241 |       ||   389
         Punch             |     2 |       |       |       ||     2
   Fire: Shortbow          |       |       |    35 |   336 ||   371
   Cast: Freeze            |    46 |     4 |    10 |       ||    60
         Frozen Ramparts   |     1 |     2 |    22 |     8 ||    33
         Ozocubu's Armour  |     1 |     2 |    10 |     8 ||    21
 Invoke: Curse Item        |       |       |     2 |     2 ||     4
  Evoke: Wand              |       |       |    12 |     2 ||    14
    Use: Scroll            |       |       |    24 |     1 ||    25
         Potion            |       |       |     1 |       ||     1
   Stab: Sleeping          |     6 |     8 |     8 |       ||    22
         Invisible         |       |       |     2 |       ||     2
         Distracted        |       |       |     1 |       ||     1
 Armour: Robe              |    28 |    31 |    17 |       ||    76
         Leather armour    |       |       |   119 |   133 ||   252
  Dodge: Dodged            |    53 |    39 |   177 |   182 ||   451

Table legend: (Time is in decaauts)
 A = Elapsed time spent in this place.
 B = Non-inter-level travel time spent in this place.
 C = Inter-level travel time spent in this place.
 D = Time resting spent in this place.
 E = Time spent auto-exploring this place.
 F = Levels seen in this place.
 G = Mean time per level.
                   A        B        C        D        E       F      G
               +--------+--------+--------+--------+--------+-----+--------+
         Total |  11400 |  10173 |   1227 |    221 |   7699 |  11 | 1036.4 |
       Dungeon |  11398 |  10171 |   1227 |    221 |   7699 |  10 | 1139.8 |
        Temple |      1 |      1 |      0 |      0 |      0 |   1 |    1.0 |
               +--------+--------+--------+--------+--------+-----+--------+

Top non-repeatable levels by time:
     D:5: 1511 daAuts
     D:4: 1477 daAuts
     D:6: 1318 daAuts
     D:9: 1193 daAuts
     D:7: 1120 daAuts
     D:2: 1101 daAuts
     D:1: 1015 daAuts
     D:3: 958 daAuts
     D:8: 875 daAuts
    D:10: 826 daAuts
  Temple: 1 daAuts

Table legend:
 A = Kills in this place as a percentage of kills in the entire game.
 B = Kills by you in this place as a percentage of kills by you in the entire game.
 C = Kills by friends in this place as a percentage of kills by friends in the entire game.
 D = Other kills in this place as a percentage of other kills in the entire game.
 E = Experience gained in this place as a percentage of experience gained in the entire game.
 F = Experience gained in this place divided by the number of levels of this place that you have seen.
                   A       B       C       D       E      F
               +-------+-------+-------+-------+-------+----------------------
         Total | 100.0 | 100.0 | 100.0 |   N/A | 100.0 | 979.3
       Dungeon | 100.0 | 100.0 | 100.0 |   N/A | 100.0 | 1077.2
               +-------+-------+-------+-------+-------+----------------------
